[Event "Late-Titled-Tuesday-Blitz-May-14-2024"]
[Site "Chess.com"]
[Date "2024.05.14"]
[Round "7"]
[White "ferrufino64"]
[Black "dealshark"]
[Result "1-0"]
[WhiteElo "2343"]
[BlackElo "2538"]
[TimeControl "180+1"]
[EndTime "15:17:17 PDT"]
[Termination "ferrufino64 won by checkmate"]

1. e4 c6 2. d4 d5 3. Nc3 dxe4 4.
Nxe4 Bf5 5. Ng3 Bg6 6. h4 h6 7.
Nf3 Nd7 8. h5 Bh7 9. Bd3 Bxd3 10. Qxd3 e6 11. Bd2 Ngf6 12. c3 Be7 13. Ne4 Nxe4 14.
Qxe4 Nf6 15. Qe2 Qc7 16. O-O-O c5 17. dxc5 Bxc5 18. Be3 O-O 19. Bxc5 Qxc5 20. Rd4 Rfd8 21. g4 Rxd4 22. Nxd4 Rc8 23. Kb1 a6 24. Rg1 b5 25.
a3 Qd5 26. Ka1 Ne4 27. Qe3 Nc5 28. g5 hxg5 29. Rxg5 Qe4 30. Qg3 Qh7 31. Qd6 Ne4 32. Qxa6 Rf8 33. Rxb5 Qh6 34. Qc6 Qc1+ 35. Ka2 Nd2 36.
a4 Qb1+ 37. Ka3 Qa1+ 38. Kb4 Qxb2+ 39. Ka5 Qa2 40. Rb4 Rd8 41. h6 gxh6 42. f4 Rd5+ 43. Kb6 Kg7 44. f5 e5 45. f6+ Kg6 46. Nb5 Ne4 47. Qe8 Nxc3 48. Qg8+ Kh5 49. Qg4# 1-0

[Event "Late-Titled-Tuesday-Blitz-May-14-2024"]
[Site "Chess.com"]
[Date "2024.05.14"]
[Round "7"]
[White "emeli_chess"]
[Black "ClauAmura"]
[Result "0-1"]
[WhiteElo "2397"]
[BlackElo "2341"]
[TimeControl "180+1"]
[EndTime "15:17:18 PDT"]
[Termination "ClauAmura won by checkmate"]

1. d4 Nf6 2. c4 e6 3. Nc3 d5 4. cxd5 Nxd5 5. e4 Nxc3 6. bxc3 c5 7. Nf3 cxd4 8. cxd4 Bb4+ 9. Bd2 Qa5 10. Bxb4 Qxb4+ 11. Qd2 Qxd2+ 12. Kxd2 Nc6 13. Bb5 Bd7 14. Ke3 Ke7 15. Bxc6 Bxc6 16. Ne5 Rhc8 17. Rhc1 Be8 18. f4 f6 19. Nd3 b6 20. g4 h5 21. h3 hxg4 22.
hxg4 Bb5 23. f5 exf5 24. gxf5 Kd6 25. Nf4 Rh8 26. a4 Ba6 27. a5 Rab8 28. Rc3 b5 29. d5 Rbc8 30. Rac1 b4 31. Rc6+ Kd7 32. Ne6 Rh3+ 33. Kf4 Rxc6 34. Rxc6 Be2 35. Nd4 Bd1 36. e5 Rh4+ 37. Ke3 fxe5 38. Ne6 Rh3+ 39. Ke4 b3 40.
Kxe5 Re3+ 41. Kd4 b2 42. Rc7+ Kd6 43. Rb7 Rb3 44. Rxa7 b1=Q 45. Ra6+ Ke7 46. d6+ Kf6 47. d7 Qd3+ 48. Kc5 Rb5+ 49. Kc6 Qd5+ 50. Kc7 Rb7+ 51. Kc8 Qxd7# 0-1

[Event "Late-Titled-Tuesday-Blitz-May-14-2024"]
[Site "Chess.com"]
[Date "2024.05.14"]
[Round "7"]
[White "sergiochess83"]
[Black "Rud_Makarian"]
[Result "1/2-1/2"]
[WhiteElo "2857"]
[BlackElo "2947"]
[TimeControl "180+1"]
[EndTime "15:17:19 PDT"]
[Termination "Game drawn by repetition"]

1. e4 c5 2. Nf3 d6 3. d4 cxd4 4. Nxd4 Nf6 5. Nc3 Nc6 6. Bg5 Bd7 7. Bxf6 gxf6 8. Qd2 Nxd4 9. Qxd4 Qa5 10. O-O-O Rc8 11.
Kb1 h5 12. f4 Qc5 13. Qd3 Bg7 14. f5 h4 15. Be2 Bh6 16. Nd5 a5 17. Rhf1 Ba4 18.
b3 Bc6 19. c4 Bg5 20. Rf3 Kf8 21. Rh3 b5 22. Qd4 bxc4 23. Qxc5 dxc5 24. Bxc4 e6 25. fxe6 fxe6 26. Nc3 Ke7 27. Rhd3 Bf4 28. Bb5 Bxb5 29. Nxb5 Rhd8 30. Rxd8 Rxd8 31. Rxd8 Kxd8 32. h3 Kd7 33. Na3 Kc6 34. Nc4 Kb5 35. a4+ Kb4 36. Kc2 Bc7 37. Nb2 Bd6 38. Nd3+ Ka3 39. Kc3 Ka2 40. Kc4 Ka3 41. Kc3 Ka2 42. Kc2 Ka3 43. Nb2 Bc7 44.
Nc4+ Kb4 45. Ne3 Be5 46. Nc4 Bd4 47. Nd6 Be5 48. Nc4 Bd4 49. Nd2 Be5 50. Nc4 1/2-1/2

[Event "Late-Titled-Tuesday-Blitz-May-14-2024"]
[Site "Chess.com"]
[Date "2024.05.14"]
[Round "7"]
[White "Romkachess"]
[Black "ccccvhhhj"]
[Result "1-0"]
[WhiteElo "2588"]
[BlackElo "2456"]
[TimeControl "180+1"]
[EndTime "15:17:19 PDT"]
[Termination "Romkachess won on time"]

1. e4 e6 2. d4 d5 3. Nc3 Bb4 4. e5 c5 5. a3 Bxc3+ 6. bxc3 Ne7 7. Qg4 Kf8 8. Ne2 Qa5 9. Bd2 Qa4 10. Ra2 Nbc6 11.
Qf4 b6 12. h4 Ba6 13. h5 h6 14. Rh3 Bc4 15. Rf3 Nd8 16. dxc5 bxc5 17. Ng3 Rb8 18. Bxc4 Rb1+ 19. Ke2 dxc4 20. Ne4 Nd5 21. Qh4 Qd7 22. Nd6 Kg8 23. Rg3 Nc6 24. Qg4 Rh7 25. Qxc4 Nxe5 26. Qxc5 Nc6 27. c4 Nf6 28. Bc3 Nxh5 29. Rd3 Nf4+ 30. Kf3 Nxd3 31. cxd3 Rb8 32. Rb2 Rd8 33.
Be5 Nxe5+ 34. Qxe5 h5 35. c5 Rh6 36. Ke2 Qc6 37.
f3 Rg6 38. Rb7 Rxg2+ 39. Ke3 Rf8 40. Rxa7 g6 41. Ne4 Qb5 42. Nf6+ Kg7 43. Nxh5+ Kh6 44.
Nf4 Qb1 45. Nxe6 Qd1 46. Kd4 Qg1+ 47. Kd5 Rd8+ 48. Nxd8 Qe3 49. Qxe3+ 1-0

[Event "Late-Titled-Tuesday-Blitz-May-14-2024"]
[Site "Chess.com"]
[Date "2024.05.14"]
[Round "7"]
[White "Msb2"]
[Black "FaustinoOro"]
[Result "1-0"]
[WhiteElo "3074"]
[BlackElo "2918"]
[TimeControl "180+1"]
[EndTime "15:17:21 PDT"]
[Termination "Msb2 won by checkmate"]

1. d4 Nf6 2. c4 c6 3. Nf3 d5 4.
Nc3 e6 5. Qc2 dxc4 6. e4 b5 7.
Be2 Bb7 8. O-O Be7 9. Rb1 O-O 10. b3 cxb3 11. Rxb3 Nbd7 12. Bd3 h6 13. e5 Nd5 14. Nxd5 cxd5 15. Bxb5 Nb6 16. Qe2 Rc8 17. Bd2 Bc6 18.
Ba6 Rb8 19. Bb4 Nc4 20. Bxe7 Qxe7 21. Nd2 Nxd2 22. Qxd2 Rxb3 23. axb3 Qa3 24. Bd3 Qxb3 25. Rb1 Qa4 26. h4 Qa3 27. Bc2 Rc8 28. Rb3 Qa1+ 29.
Rb1 Qa3 30. Kh2 Ba4 31. Bd3 Be8 32. Qe3 Qe7 33. Qg3 a5 34. f4 a4 35. f5 exf5 36.
Bxf5 Ra8 37. Re1 a3 38. e6 a2 39. exf7+ Qxf7 40. Qe5 Bd7 41. Bg6 Qe6 42. Qg3 a1=Q 43. Rxa1 Rxa1 44. Qb8+ Be8 45. Bxe8 Kh7 46. h5 g5 47. hxg6+ Kg7 48. Qc7+ Kf6 49. Qf4+ Qf5 50. Qd6+ Qe6 51. Qf8+ Kg5 52. g7 Kh4 53. Qf4+ Qg4 54. g3# 1-0

[Event "Late-Titled-Tuesday-Blitz-May-14-2024"]
[Site "Chess.com"]
[Date "2024.05.14"]
[Round "7"]
[White "hblanco"]
[Black "PepeCuenca"]
[Result "1/2-1/2"]
[WhiteElo "2618"]
[BlackElo "2813"]
[TimeControl "180+1"]
[EndTime "15:17:21 PDT"]
[Termination "Game drawn - insufficient material"]

1. e4 c5 2. c3 Nf6 3. e5 Nd5 4.
d4 cxd4 5. cxd4 Nc6 6. Nf3 d6 7. Bc4 dxe5 8. dxe5 Ndb4 9. O-O Qxd1 10. Rxd1 g6 11. Nc3 Bg7 12. Bf4 Bg4 13. Nd5 Nxd5 14.
Bxd5 O-O 15. Rac1 Rac8 16. h3 Bxf3 17. Bxf3 Bxe5 18. Bxe5 Nxe5 19. Bxb7 Rxc1 20. Rxc1 Rd8 21. Rc2 f5 22. g3 Kf7 23. f4 Nd3 24. a3 Rd6 25. b4 Kf6 26. Bf3 e5 27. fxe5+ Nxe5 28.
Be2 h5 29. Kf2 g5 30. Rc7 Rd7 31. Rxd7 Nxd7 32. Bxh5 Nb6 33. Be2 Ke5 34. Ke3 Nd5+ 35. Kd3 f4 36. Bf3 fxg3 37. Bxd5 Kxd5 38. Ke3 Kc4 39.
Kf3 Kb3 40. Kxg3 Kxa3 41. b5 Kb4 42. b6 axb6 43. Kg4 Kc5 44. Kxg5 b5 45. h4 b4 46. h5 b3 47. h6 b2 48. h7 b1=Q 49. h8=Q Qg1+ 50. Kf5 Qf2+ 51. Kg4 Qg2+ 52. Kf4 Qf2+ 53. Kg4 Qg1+ 54. Kf3 Qd1+ 55. Kf2 Qd2+ 56. Kf1 Qd1+ 57. Kf2 Qd4+ 58. Qxd4+ Kxd4 1/2-1/2

[Event "Late-Titled-Tuesday-Blitz-May-14-2024"]
[Site "Chess.com"]
[Date "2024.05.14"]
[Round "7"]
[White "ImportedItalianMaple"]
[Black "ClayK1ng"]
[Result "1-0"]
[WhiteElo "2573"]
[BlackElo "2406"]
[TimeControl "180+1"]
[EndTime "15:17:21 PDT"]
[Termination "ImportedItalianMaple won by resignation"]

1. e4 d5 2. exd5 Qxd5 3. Nc3 Qe5+ 4. Be2 Bg4 5. d4 Bxe2 6. Ncxe2 Qd6 7. Nf3 c6 8. Bf4 Qd7 9. Ne5 Qd8 10. O-O Nf6 11. c4 e6 12. Nc3 Nbd7 13. d5 cxd5 14. cxd5 Nxe5 15. Bxe5 Nxd5 16. Nxd5 Qxd5 17. Qxd5 exd5 18. Rfe1 f6 19. Bxf6+ Kf7 20. Bd4 Bb4 21. Re5 Rhd8 22. Rc1 Rac8 23. Rxc8 Rxc8 24. g4 Rd8 25. Kg2 b6 26. f4 g6 27. Kf3 Bc5 28. Bc3 d4 29. Bd2 d3 30. f5 Bd4 31. fxg6+ hxg6 32. Rb5 Re8 33. Rb3 Re7 34. Rxd3 Bxb2 35. h4 Bf6 36. g5 Bg7 37. Rd6 Rc7 38. Bb4 Be5 39. Rd5 Ke6 40. Rd3 Rc4 41. Be1 Rf4+ 42. Kg2 Ra4 43. a3 Kf5 44.
Kf3 Rf4+ 45. Ke3 Rg4 46. Rd7 Bg3 47. Rf7+ Ke6 48. Rf6+ Kd5 49. Kf3 Rxh4 50. Bxg3 Ra4 51. Rxg6 Rxa3+ 52. Kg4 b5 53. Rg8 Ke6 54. Rb8 a6 55.
Bf4 Ra1 56. Rb6+ Kf7 57. Kf5 Rf1 58. Rb7+ Kg8 59. Ke5 Rf3 60. Rb6 Re3+ 61. Kf6 Re8 62. Rxa6 Rf8+ 63. Ke5 Rb8 64. Kf6 Rf8+ 65. Ke5 Rb8 66.
Kf5 Rf8+ 67. Rf6 Rc8 68. Be5 b4 69. Rb6 Rf8+ 70. Kg6 Re8 71. Bf6 Re4 72. Rb8+ 1-0

[Event "Late-Titled-Tuesday-Blitz-May-14-2024"]
[Site "Chess.com"]
[Date "2024.05.14"]
[Round "7"]
[White "Hikaru"]
[Black "FabianoCaruana"]
[Result "1-0"]
[WhiteElo "3230"]
[BlackElo "3074"]
[TimeControl "180+1"]
[EndTime "15:17:25 PDT"]
[Termination "Hikaru won by resignation"]

1. d4 Nf6 2. Bg5 d5 3. e3 e6 4. c4 Be7 5. Nc3 O-O 6. Rc1 h6 7. Bh4 Nbd7 8. cxd5 exd5 9. Bd3 c6 10. Nf3 Re8 11. O-O Ne4 12. Bxe7 Qxe7 13. Nd2 Ndf6 14. Bxe4 dxe4 15. a3 Bf5 16. b4 Rad8 17. Qb3 h5 18. Rfe1 h4 19. h3 Nd5 20. Nxd5 Rxd5 21. Rc5 Be6 22. Qc2 Rxc5 23. Qxc5 Qxc5 24. bxc5 Bd5 25. Rb1 Rb8 26. f3 f5 27. fxe4 fxe4 28. Rb2 b5 29. cxb6 axb6 30. Nb1 Kf7 31. Nc3 b5 32. Rb4 Ra8 33. a4 bxa4 34. Rxa4 Rb8 35. Ra7+ Kf6 36. Ra6 Kf7 37. Ra1 Rb3 38. Rc1 g5 39. Rc2 Kg6 40.
Kf2 g4 41. hxg4 Kg5 42. Ne2 Kxg4 43. Nf4 Rb1 44. Ng6 Rh1 45. Ne5+ Kg5 46. Rc5 h3 47. Nxc6 Kh4 48. g3+ Kg4 49. Ne5+ Kf5 50. Rxd5 Ra1 51.
Nf3+ Kf6 52. g4 exf3 53. Rh5 Ra2+ 54. Kxf3 h2 55. e4 Kg6 56. d5 Rd2 57. Kf4 Rf2+ 58. Ke5 Rg2 59. d6 Re2 60. Kd5 Rd2+ 61. Ke6 1-0

[Event "Late-Titled-Tuesday-Blitz-May-14-2024"]
[Site "Chess.com"]
[Date "2024.05.14"]
[Round "7"]
[White "MusicCityMaster"]
[Black "GlavkonVVS"]
[Result "0-1"]
[WhiteElo "2465"]
[BlackElo "2637"]
[TimeControl "180+1"]
[EndTime "15:17:26 PDT"]
[Termination "GlavkonVVS won by checkmate"]

1. e4 Nf6 2. e5 Nd5 3. c4 Nb6 4. a4 a5 5. Ra3 d6 6. exd6 cxd6 7. d4 g6 8. h4 h5 9. Bg5 Bg7 10. Re3 Nc6 11. d5 Ne5 12. f4 f6 13. fxe5 fxg5 14.
e6 g4 15. Bd3 O-O 16. b3 Qe8 17. Qc2 Kh7 18. Ne2 Bh6 19. Rg3 Rf6 20. Nbc3 Bxe6 21. dxe6 Rxe6 22. O-O Qh8 23. Ne4 Rf8 24. Ng5+ Bxg5 25. hxg5 Rxf1+ 26. Kxf1 Qe5 27. Qd2 Nd7 28.
Kf2 Nc5 29. Re3 Qxg5 30. g3 Nxb3 31. Bxg6+ Rxg6 32. Qd3 Nc5 33. Qd4 Qf6+ 34. Qxf6 Rxf6+ 35. Kg2 e5 36. Nc3 Kg6 37. Nd5 Rf3 38. Rxf3 gxf3+ 39. Kxf3 Nxa4 40. Ne7+ Kf7 41. Nf5 Ke6 42. Ng7+ Kd7 43.
Nxh5 Nb2 44. Nf6+ Ke6 45. Ne4 Nxc4 46. g4 a4 47. g5 a3 48. Nc3 d5 49. Kg4 d4 50.
Na2 d3 51. Kf3 d2 52. Ke2 e4 53. Nc3 e3 54. Kd3 Kf5 55. Kxc4 a2 56. Nxa2 d1=Q 57.
Nc3 Qc2 58. Kd4 e2 59. g6 Qd2+ 60. Kc4 e1=Q 61. g7 Qxc3+ 62. Kd5 Qe6# 0-1

[Event "Late-Titled-Tuesday-Blitz-May-14-2024"]
[Site "Chess.com"]
[Date "2024.05.14"]
[Round "7"]
[White "Walter_White_Poland"]
[Black "jcmesafischer"]
[Result "0-1"]
[WhiteElo "2393"]
[BlackElo "2321"]
[TimeControl "180+1"]
[EndTime "15:17:26 PDT"]
[Termination "jcmesafischer won on time"]

1. e4 c5 2. Nf3 d6 3. d4 cxd4 4.
Nxd4 Nf6 5. Nc3 a6 6. Bg5 e6 7.
f4 Be7 8. Qf3 Qc7 9. O-O-O Nbd7 10. Bd3 b5 11. Rhe1 Bb7 12. Qg3 b4 13. Nd5 exd5 14.
exd5 Kd8 15. Nc6+ Bxc6 16. dxc6 Nc5 17. Bf5 Re8 18. Bh4 g6 19. Bd7 Nfxd7 20. cxd7 Qxd7 21. f5 Rc8 22. Rxe7 Rxe7 23. Re1 Ne6 24. fxe6 fxe6 25.
Bxe7+ Qxe7 26. Qg4 Kd7 27. Qd4 Qg5+ 28. Kb1 Qxg2 29. Qg7+ Kc6 30. b3 Rc7 31. Qd4 Kd7 32. Qxb4 Qxc2+ 33. Ka1 Qc3+ 34. Qxc3 Rxc3 35. Rf1 Ke7 36.
Kb2 Rh3 37. Rf2 e5 38. Rc2 e4 39. Rc7+ Ke6 40. Kc2 Rxh2+ 41. Kc3 d5 42. Ra7 Ke5 43. Rxa6 d4+ 44. Kc4 Rb2 45. Ra5+ Kf4 46. Kxd4 Rd2+ 47. Kc3 e3 48. Ra7 Rd6 49. Rf7+ Ke4 50. Re7+ Kf3 51. Rxh7 e2 52. Re7 g5 53. b4 Rd1 54. b5 e1=Q+ 0-1

[Event "Late-Titled-Tuesday-Blitz-May-14-2024"]
[Site "Chess.com"]
[Date "2024.05.14"]
[Round "7"]
[White "Orest_Vovk"]
[Black "Siemba"]
[Result "0-1"]
[WhiteElo "2675"]
[BlackElo "2519"]
[TimeControl "180+1"]
[EndTime "15:17:27 PDT"]
[Termination "Siemba won by resignation"]

1. h4 d5 2. h5 c5 3. e4 dxe4 4. Nc3 Nf6 5. Rh4 Nc6 6. Nxe4 Nxe4 7. Rxe4 Bf5 8. Ra4 a6 9. g4 Bd7 10. Re4 e6 11. Nf3 Be7 12. d3 Qb6 13. c3 O-O-O 14.
Qb3 Qxb3 15. axb3 f5 16. gxf5 exf5 17. Re2 Bf6 18. Bg5 Rhf8 19. O-O-O Be8 20. h6 gxh6 21. Bxh6 Rg8 22. Bh3 Bg6 23. Ng5 Bh5 24. Bxf5+ Kb8 25. Ne4 Bxe2 26. Nxf6 Bxd1 27. Kxd1 Rg1+ 28. Kc2 Rf1 29.
Be3 Ne5 30. Bxh7 b6 31. b4 cxb4 32. Bxb6 Rf8 33. Ne4 bxc3 34. bxc3 Kb7 35. Bc5 Rh8 36. Bf5 a5 37. Be6 Nc6 38. Bd5 Rh5 39. c4 a4 40.
Nd6+ Kc7 41. Nb5+ Kd7 42. Nc3 Ne7 43. Be4 Rxc5 44. Nxa4 Rxf2+ 45. Kc3 Rg5 46. Nb6+ Ke6 47. Nd5 Nxd5+ 48. Bxd5+ Kd6 49. Be4 Rg3 50. Kd4 Re2 51. c5+ Kc7 52. Bd5 Rg4+ 53. Kc3 Re5 54. Bc4 Rxc5 55. Kb4 Rcxc4+ 56. dxc4 Kc6 0-1

[Event "Late-Titled-Tuesday-Blitz-May-14-2024"]
[Site "Chess.com"]
[Date "2024.05.14"]
[Round "7"]
[White "Nf3c5"]
[Black "Chessdude1987"]
[Result "0-1"]
[WhiteElo "2549"]
[BlackElo "2392"]
[TimeControl "180+1"]
[EndTime "15:17:27 PDT"]
[Termination "Chessdude1987 won by checkmate"]

1. d4 e6 2. Nf3 f5 3. g3 Nf6 4. Bg2 Be7 5. O-O O-O 6. b3 d6 7. Bb2 Ne4 8. c4 Bf6 9. Qc2 Qe7 10. Nbd2 Nxd2 11. Nxd2 e5 12. c5 exd4 13. cxd6 cxd6 14. Bxd4 Bxd4 15. Qc4+ Be6 16. Qxd4 Nc6 17. Qb2 Ne5 18. Nf3 Bd5 19. Nd4 Bxg2 20. Kxg2 f4 21. f3 Rae8 22. Rae1 Nc6 23. Nxc6 bxc6 24. Qd4 Qe5 25. Qc4+ d5 26. Qxc6 d4 27. Qc4+ Kh8 28. Rd1 Qxe2+ 29. Qxe2 Rxe2+ 30. Rf2 Rxf2+ 31. Kxf2 fxg3+ 32. hxg3 Rd8 33. Ke2 Kg8 34. Kd3 Rd6 35. Rc1 h5 36. Rc4 Rg6 37. Kxd4 Rxg3 38.
Ke3 g5 39. Ra4 g4 40. Kf4 Rxf3+ 41. Kg5 Rh3 42. Kg6 g3 43. Rxa7 Kf8 44. Rf7+ Ke8 45. Rf1 h4 46. Kg5 g2 47. Rg1 Rh2 48. Kg4 h3 49. Kg3 Rh1 50. Kf2 Rxg1 51. Kxg1 Kf7 52.
a4 Kg6 53. a5 Kg5 54. a6 Kg4 55. Kh2 Kf3 56. a7 Kf2 57. a8=Q g1=Q+ 58. Kxh3 Qg3# 0-1

[Event "Late-Titled-Tuesday-Blitz-May-14-2024"]
[Site "Chess.com"]
[Date "2024.05.14"]
[Round "7"]
[White "maracayo"]
[Black "Cambek64"]
[Result "1/2-1/2"]
[WhiteElo "2362"]
[BlackElo "2487"]
[TimeControl "180+1"]
[EndTime "15:17:27 PDT"]
[Termination "Game drawn by agreement"]

1. e4 e6 2. Nf3 d5 3. d3 c5 4. Be2 Nc6 5. Nbd2 Nf6 6. O-O Be7 7. c3 O-O 8. Re1 b5 9. Bf1 b4 10. exd5 exd5 11. h3 a5 12. d4 cxd4 13. cxd4 Qb6 14.
Nb3 a4 15. Nc5 Bxc5 16. dxc5 Qxc5 17. Bg5 Ne4 18. Be3 Qa5 19. Rc1 Bb7 20. Nd4 Rac8 21.
Nf5 Nf6 22. Nd6 Qa8 23. Nxc8 Rxc8 24. Bd4 Ne4 25. f3 Nd6 26. Bc5 Nc4 27. Bxc4 dxc4 28. Rxc4 Na5 29. Rd4 b3 30. a3 h6 31. Bb6 Nc4 32.
Rxc4 Rxc4 33. Qd7 Rc8 34. Re7 Bd5 35. Bd4 Be6 36. Rxe6 Rd8 37. Qc7 Rxd4 38. Re7 Qd8 39. Qxd8+ Rxd8 40. Ra7 Rd1+ 41. Kh2 Rd2 42. Rxa4 Rxb2 43.
Rb4 Rb1 44. a4 b2 45. a5 Ra1 46. Rxb2 Rxa5 47. Rb8+ Kh7 48. Rb7 f6 49. h4 h5 50.
g4 Kg6 51. Kg3 Ra4 1/2-1/2

[Event "Late-Titled-Tuesday-Blitz-May-14-2024"]
[Site "Chess.com"]
[Date "2024.05.14"]
[Round "7"]
[White "Duhless"]
[Black "Oleksandr_Bortnyk"]
[Result "1-0"]
[WhiteElo "3121"]
[BlackElo "3050"]
[TimeControl "180+1"]
[EndTime "15:17:29 PDT"]
[Termination "Duhless won by resignation"]

1. e4 Nf6 2. e5 Nd5 3. d4 d6 4. Nf3 dxe5 5. Nxe5 c6 6. Be2 Bf5 7. O-O Nd7 8. Nf3 e6 9. c4 N5f6 10. Nc3 Bd6 11. Nh4 Bg6 12. g3 O-O 13. Be3 e5 14.
Nxg6 hxg6 15. d5 Qc7 16. a3 a5 17. Rb1 Bc5 18. Bxc5 Nxc5 19. d6 Qd7 20. b4 axb4 21. axb4 Nce4 22. Nxe4 Nxe4 23. Qd3 f5 24. c5 Kh7 25.
Qe3 Nf6 26. Qxe5 Rae8 27. Qb2 f4 28. Bf3 Qh3 29. Rbe1 Nd7 30. Bg2 Qf5 31. Qd4 Rxe1 32. Rxe1 Qh5 33. gxf4 Qg4 34. h3 Qh4 35. Re7 Nf6 36.
Rxb7 Nh5 37. Re7 Nxf4 38. Re4 Qg5 39. Rxf4 Rxf4 40. Qe3 Qf6 41. Bxc6 Rxb4 42. Bf3 Rd4 43. Kg2 g5 44. Bg4 Kh6 45. d7 Qc6+ 46. Bf3 Qxc5 47. d8=Q Rxd8 48. Qxc5 Rf8 49. Qxf8 g4 50. Qh8+ Kg5 51.
Bxg4 g6 52. Qd8+ Kh6 53. Qd2+ Kg7 54. Qg5 Kh7 55. Kg3 Kh8 56. Kf4 Kg7 57. Ke5 Kh8 58.
Ke6 1-0

[Event "Late-Titled-Tuesday-Blitz-May-14-2024"]
[Site "Chess.com"]
[Date "2024.05.14"]
[Round "7"]
[White "The_Machine04"]
[Black "MyDream003"]
[Result "0-1"]
[WhiteElo "2664"]
[BlackElo "2841"]
[TimeControl "180+1"]
[EndTime "15:17:29 PDT"]
[Termination "MyDream003 won by checkmate"]

1. d4 Nf6 2. Nf3 d5 3. e3 c5 4. Nbd2 Nc6 5. c3 Bg4 6. dxc5 a5 7. Bb5 e6 8. b4 Nd7 9. Bxc6 bxc6 10. h3 Bh5 11. a3 Be7 12. Bb2 O-O 13. O-O Qb8 14.
Qc1 Bg6 15. Nb3 e5 16. Nxa5 Rxa5 17. bxa5 Nxc5 18. Ra2 Bd3 19. c4 Qb3 20. Ra1 Bxf1 21. cxd5 Ba6 22. Bxe5 Qxd5 23. Qc3 f6 24. Bf4 Ne6 25.
Bg3 Qc5 26. Qb3 Qc4 27. Qxc4 Bxc4 28. Rc1 Bb5 29. a4 Bxa4 30. Ra1 Bb5 31. a6 Ra8 32. a7 Bc5 33. Bb8 Kf7 34. Nd2 f5 35. Nb3 Bb6 36. Na5 Bxa7 37. Nxc6 Bxc6 38. Bxa7 Bb7 39. Bd4 Nxd4 40. Rb1 Be4 41. Rc1 Ne2+ 42. Kh2 Nxc1 43. Kg3 Ne2+ 44. Kh4 Kg6 45. f4 Kh6 46. g4 fxg4 47.
hxg4 g5+ 48. fxg5+ Kg6 49. Kh3 Kxg5 50. Kh2 Ra3 51. Kh3 Rxe3+ 52. Kh2 Nf4 53. Kg1 Re2 54. Kf1 Bf3 55. Kg1 Kxg4 56. Kf1 Kg3 57. Kg1 Re1# 0-1

[Event "Late-Titled-Tuesday-Blitz-May-14-2024"]
[Site "Chess.com"]
[Date "2024.05.14"]
[Round "7"]
[White "OriTaichman"]
[Black "MatthewG-p4p"]
[Result "1/2-1/2"]
[WhiteElo "2648"]
[BlackElo "2832"]
[TimeControl "180+1"]
[EndTime "15:17:29 PDT"]
[Termination "Game drawn by repetition"]

1. e4 e6 2. d4 d5 3. Nc3 Bb4 4. e5 Ne7 5. Bd2 c5 6. Nb5 Bxd2+ 7. Qxd2 O-O 8. dxc5 Nbc6 9. Nf3 Ng6 10. Qc3 a6 11.
Nd6 Qc7 12. Bd3 Bd7 13. Bxg6 hxg6 14. O-O-O f6 15. exf6 gxf6 16. Nh4 Ne7 17. Qg3 Kh7 18. Ndf5 Qxg3 19. hxg3 Nc6 20. Nd6 Kg7 21. Nxb7 Rab8 22. Nd6 Rb4 23. c3 Ra4 24. a3 Ra5 25. Nf3 Rxc5 26.
Rh4 Rh8 27. Rxh8 Kxh8 28. Nd4 Ne5 29. f4 Ng4 30. Re1 e5 31. fxe5 fxe5 32. Nf7+ Kg7 33. Nxe5 Nxe5 34. Rxe5 Kf6 35. Re3 Rc8 36. b4 Rh8 37. Kb2 Ba4 38. c4 dxc4 39. Kc3 Rh1 40. Re6+ Kf7 41. Rxa6 Be8 42. Kxc4 Rc1+ 43. Kd5 Rd1 44.
g4 Rd2 45. g5 Rxg2 46. Ra7+ Kg8 47. Ne6 Bf7 48. Re7 Rd2+ 49. Kc6 Re2 50. Kd6 Rd2+ 51. Kc7 Re2 52. Kd7 Rd2+ 53. Kc6 Re2 54. Kd5 Rd2+ 55. Kc5 Re2 56. Kd6 Rd2+ 57. Ke5 Re2+ 58.
Kd5 Rd2+ 1/2-1/2

[Event "Late-Titled-Tuesday-Blitz-May-14-2024"]
[Site "Chess.com"]
[Date "2024.05.14"]
[Round "7"]
[White "EsmeraldasAnderson03"]
[Black "Evgeny81"]
[Result "0-1"]
[WhiteElo "2541"]
[BlackElo "2777"]
[TimeControl "180+1"]
[EndTime "15:17:31 PDT"]
[Termination "Evgeny81 won by resignation"]

1. d4 c5 2. d5 g6 3. c4 Bg7 4. Nc3 d6 5. e4 Nf6 6. Nf3 O-O 7. Be2 e6 8. O-O exd5 9. cxd5 Na6 10. Bxa6 bxa6 11. Re1 Bg4 12. h3 Bxf3 13. Qxf3 Rb8 14. Qd3 Qb6 15. Rb1 Nd7 16. Qc2 c4 17. Be3 Qa5 18.
Bxa7 Rb7 19. Be3 Rfb8 20. Bd2 Nc5 21. Nd1 Qxa2 22. Bc3 Qa4 23. Qxa4 Nxa4 24. Bxg7 Kxg7 25. Ra1 Nc5 26. Re2 Rb3 27. Rc2 R8b4 28. Rac1 Nxe4 29. Rxc4 Rxc4 30. Rxc4 Nc5 31. Rc2 Rd3 32. Ne3 f5 33. b4 Ne4 34. Rc6 f4 35. Ng4 h5 36.
Rc7+ Kh8 37. Rc8+ Kg7 38. Rc7+ Kf8 39. Nh6 g5 40. Rc2 Rxd5 41. g3 Kg7 42. gxf4 Kxh6 43.
fxg5+ Rxg5+ 44. Kh2 Rf5 45. Rc6 Rxf2+ 46. Kg1 Rf6 47.
Rxa6 d5 48. Rxf6+ Nxf6 49. b5 Nd7 50. Kf2 Kg5 51. Ke3 Kf5 52. Kd4 Ke6 53. h4 Kd6 54.
Ke3 Ke5 55. Kf3 Nb6 56. Ke3 d4+ 57. Kf3 Kd5 58. Kf4 Kc4 59. Kg5 d3 60. Kxh5 d2 61.
Kg6 d1=Q 0-1

[Event "Late-Titled-Tuesday-Blitz-May-14-2024"]
[Site "Chess.com"]
[Date "2024.05.14"]
[Round "7"]
[White "Art10ECHR"]
[Black "Kira170"]
[Result "1/2-1/2"]
[WhiteElo "2509"]
[BlackElo "2755"]
[TimeControl "180+1"]
[EndTime "15:17:31 PDT"]
[Termination "Game drawn by repetition"]

1. d4 e6 2. c4 f5 3. Nc3 Nf6 4. g3 Bb4 5. Bd2 O-O 6. Bg2 d6 7. Nf3 Nc6 8. a3 Bxc3 9. Bxc3 Ne4 10. Qc2 a5 11. O-O a4 12. d5 Ne7 13. dxe6 Bxe6 14. Nd4 Bxc4 15. Nxf5 Nxf5 16. Bxe4 Bb3 17. Qd3 Qg5 18.
Bxb7 Rae8 19. e4 Nh6 20. f4 Qg6 21. f5 Qg5 22. Bc6 Re7 23. Bd2 Qh5 24. Rf4 Ng4 25. Qe2 Nf6 26. Qf2 Qf7 27. Bc3 Nd7 28. Bxd7 Rxd7 29.
f6 g6 30. Re1 Re8 31. Qe3 Re6 32. Rf2 Rd8 33. Qh6 Rde8 34. e5 d5 35. Bd4 c6 36. Rc1 Bc4 37. Rf4 Bb5 38. Rc5 Kh8 39. h4 Kg8 40. h5 Rxe5 41. Bxe5 Rxe5 42. hxg6 hxg6 43. Rh4 Qxf6 44. Qh7+ Kf8 45. Rf4 Rf5 46.
Qh6+ Kg8 47. Rxf5 Qxf5 48. Qf4 Qb1+ 49. Kh2 Qxb2+ 50. Kh3 Qxa3 51. Rc2 Qe7 52. Rf2 a3 53. Qg4 Kg7 54. Qd4+ Kg8 55. Qg4 Kg7 56. Qd4+ Kg8 57.
Qg4 1/2-1/2

[Event "Late-Titled-Tuesday-Blitz-May-14-2024"]
[Site "Chess.com"]
[Date "2024.05.14"]
[Round "7"]
[White "chenxiaoyuer"]
[Black "NikitaShnadrygin"]
[Result "1-0"]
[WhiteElo "2899"]
[BlackElo "2761"]
[TimeControl "180+1"]
[EndTime "15:17:32 PDT"]
[Termination "chenxiaoyuer won on time"]

1. e4 c5 2. Nf3 e6 3. d4 cxd4 4. Nxd4 Nf6 5. Nc3 Nc6 6. Ndb5 Bb4 7. a3 Bxc3+ 8. Nxc3 d5 9. exd5 exd5 10. Bd3 O-O 11. O-O Bg4 12. f3 Bh5 13. Ne2 Bg6 14. Bxg6 hxg6 15. Be3 Re8 16. Bf2 Rc8 17. Qd2 Ne5 18. b3 Qc7 19. Nd4 a6 20. Rfe1 Nc6 21.
Rxe8+ Rxe8 22. Nxc6 bxc6 23. Re1 Qc8 24. b4 Rxe1+ 25.
Qxe1 Qe6 26. Qf1 Qc8 27. Bd4 Ne8 28. Bc5 Nc7 29. Qd3 Ne6 30. Be3 Qb7 31. g4 Qb5 32.
Qd2 Qc4 33. Qd3 Qxd3 34. cxd3 Kf8 35. Kf2 Ke7 36. f4 f5 37. h3 Kd6 38. Ke2 d4 39.
Bd2 Kd5 40. Kd1 c5 41. bxc5 Nxc5 42. Kc2 Ne6 43. Kd1 Nc5 44. Kc2 Ne6 45. Kd1 Kc6 46.
Kc2 Kb5 47. Kb3 Nc5+ 48. Kc2 Ka4 49. Bb4 Ne6 50. Bd6 g5 51. fxg5 Nxg5 52. gxf5 Nxh3 53. Be5 Kxa3 54. Bxg7 Ng5 55. Bxd4 Kb4 56. Bf6 Nf7 57. Be7+ Kb5 58. Kc3 Kc6 59. Kd4 Nh6 60. Ke4 Kd7 61. Ba3 Nf7 62. d4 Kc6 63. Be7 Kd7 64. f6 a5 65. Kf5 a4 66. Kg6 Ke8 67. d5 Ne5+ 68. Kg7 Kd7 69. f7 Nxf7 70. Kxf7 Kc7 71. Ba3 1-0

[Event "Late-Titled-Tuesday-Blitz-May-14-2024"]
[Site "Chess.com"]
[Date "2024.05.14"]
[Round "7"]
[White "MaxLeto"]
[Black "carloseduar100"]
[Result "1-0"]
[WhiteElo "2389"]
[BlackElo "2257"]
[TimeControl "180+1"]
[EndTime "15:17:32 PDT"]
[Termination "MaxLeto won by resignation"]

1. e4 e6 2. d4 d5 3. Nc3 Nf6 4. e5 Nfd7 5. f4 c5 6. Nf3 Nc6 7. Ne2 cxd4 8. Nexd4 Nxd4 9. Nxd4 a6 10. c3 g6 11. Be3 Bg7 12. Be2 O-O 13. h4 Qc7 14. h5 b5 15. Bg4 Nc5 16. hxg6 hxg6 17. Qe2 Ne4 18. Rh3 b4 19. cxb4 Bd7 20. Rc1 Qb7 21.
a3 Rfc8 22. Bf3 a5 23. Rxc8+ Rxc8 24. Bxe4 dxe4 25. bxa5 Qd5 26. a6 Rc4 27. Qd2 Bf8 28. b4 Ba4 29. Bf2 e3 30. Bxe3 Qe4 31. Kf2 Rc8 32. Rh1 Rd8 33. Rc1 Qa8 34. Qe2 Qe4 35. Nf3 Bh6 36. Rc4 Qb1 37. Rc7 Qh1 38. a7 Bf8 39. Rb7 Bc6 40. Rb8 Be7 41. b5 Be4 42. b6 Bh4+ 43. Nxh4 Qxh4+ 44. Kg1 Qe7 45. Rxd8+ Qxd8 46. Qd2 Qa8 47. Qd6 Kg7 48. Qb8 Bxg2 49. Qxa8 Bxa8 50.
a4 Kf8 51. a5 Ke8 52. a6 Kd7 53. b7 Bxb7 54. axb7 Kc6 55. b8=Q Kd5 56. a8=Q+ Kc4 57. Kf2 Kd3 58. Qd6+ Kc2 59. Qac6+ 1-0